 Dungeon Crawl Stone Soup version 0.27.1-1-g398f81649c (webtiles) character file.

Game seed: 2393846371495789149

329 Rickety the Covert (level 6, 0/29 HPs)
             Began as a Spriggan Enchanter on Sept 16, 2021.
             Slain by an orc wizard (3 damage)
             ... on level 4 of the Dungeon.
             The game lasted 00:11:00 (5156 turns).

Rickety the Covert (Spriggan Enchanter)             Turns: 5156, Time: 00:11:01

Health: 0/29       AC:  5    Str:  4    XL:     6   Next: 25%
Magic:  12/12      EV: 18    Int: 17    God:
Gold:   190        SH:  0    Dex: 17    Spells: 3/12 levels left

rFire    . . .     SeeInvis +   b - +2 dagger (venom)
rCold    . . .     Faith    .   (shield restricted)
rNeg     . . .     Spirit   .   n - +0 robe
rPois    .         Reflect  .   (helmet restricted)
rElec    .         Harm     .   i - +2 cloak {rCorr}
rCorr    +         Rampage  .   (gloves unavailable)
Will     ++...                  (boots unavailable)
Stlth    ++++......             (no amulet)
HPRegen  0.09/turn              s - ring of willpower
MPRegen  0.13/turn              (no ring)

@: mighty, very quick
A: very small, no large weapons, unfitting armour, see invisible, speed 3
a: no special abilities


You were on level 4 of the Dungeon.
You visited 2 branches of the dungeon, and saw 5 of its levels.

You collected 190 gold pieces.

Inventory:

Hand Weapons
 a - a +0 dagger of venom
 b - a +2 dagger of venom (weapon)
 j - a +1 dagger
 r - a +4 dagger of draining
Missiles
 p - 3 poisoned darts
Armour
 i - a +2 cloak of preservation (worn)
 n - a +0 robe (worn)
Jewellery
 s - a ring of willpower (left hand)
Wands
 q - a wand of polymorph (6)
Scrolls
 c - 2 scrolls of noise {unknown}
 d - a scroll of fog {unknown}
 e - a scroll of magic mapping {unknown}
 h - 3 scrolls of identify {unknown}
 t - a scroll of torment {unknown}
Potions
 f - a potion of heal wounds {unknown}
 g - a potion of haste {unknown}
 k - 3 potions of might
 l - a potion of degeneration {unknown}
 m - a potion of ambrosia {unknown}
 o - a potion of curing {unknown}


   Skills:
 + Level 0.6 Fighting
 + Level 2.0 Short Blades
 + Level 3.2 Dodging
 * Level 8.3 Stealth
 + Level 0.2 Unarmed Combat
 + Level 3.8 Spellcasting
 + Level 4.3 Hexes
 + Level 1.3 Ice Magic


You had 3 spell levels left.
You knew the following spells:

 Your Spells              Type           Power      Damage    Failure   Level
a - Corona                Hex            20%        N/A       2%          1
b - Ensorcelled Hibernat  Hex/Ice        24%        N/A       8%          2
c - Confusing Touch       Hex            18%        N/A       8%          3
t - Tukima's Dance        Hex            18%        N/A       8%          3

Your spell library contained the following spells:

 Spells                   Type           Power      Damage    Failure   Level
 Slow                     Hex            18%        N/A       4%          2
 Dazzling Flash           Conj/Hex       20%        N/A       21%         3
 Portal Projectile        Hex/Tloc       20%        N/A       21%         3
 Call Canine Familiar     Summ           3%         N/A       43%         3
 Leda's Liquefaction      Hex/Erth       5%         N/A       54%         4
 Yara's Violent Unravell  Hex/Tmut       5%         3d4       88%         5


Dungeon Overview and Level Annotations

Branches:
Dungeon (4/15)             Temple (1/1) D:4

Altars:
Ashenzari
Elyvilon
Fedhas
Kikubaaqudgha
Makhleb
Nemelex Xobeh
Okawaru
Qazlal
Ru
Sif Muna
Uskayaw
Wu Jian
Yredelemnul
The Shining One
Lugonu


Innate Abilities, Weirdness & Mutations

You are very small and have problems with some larger weapons.
You are too small for most types of armour.
You have supernaturally acute eyesight. (SInv)
You cover ground extremely quickly. (Speed+++)


Message History

The orc priest hits you with a +0 club. The orc wizard completely misses you.
You hit the orc priest.
The orc priest looks as sick as possible!
The orc priest is severely wounded.
The orc wizard hits you with a +0 dagger.
The orc priest misses you.
The orc wizard hits you with a +0 dagger.
* * * LOW HITPOINT WARNING * * *
It was a potion of might.
You feel very mighty all of a sudden.
You kill the orc priest!
The orc wizard hits you with a +0 dagger.
* * * LOW HITPOINT WARNING * * *
The orc wizard completely misses you.
Your Short Blades skill increases to level 2!
Your Stealth skill increases to level 8!
You hit the orc wizard.
The orc wizard looks even sicker.
The orc wizard is moderately wounded.
The orc wizard hits you but does no damage.
You hit the orc wizard.
The orc wizard is moderately wounded.
The orc wizard barely misses you.
The orc wizard hits you with a +0 dagger.
* * * LOW HITPOINT WARNING * * *
You closely miss the orc wizard.
The orc wizard is moderately wounded.
The orc wizard misses you.
The orc wizard hits you with a +0 dagger.
* * * LOW HITPOINT WARNING * * *
You hit the orc wizard.
The orc wizard is heavily wounded.
The orc wizard hits you but does no damage.
The orc wizard barely misses you.
You puncture the orc wizard!
You kill the orc wizard!
The orc wizard misses you.
You closely miss the orc wizard.
The orc wizard is heavily wounded.
The orc wizard hits you with a +0 dagger.
You die...

......## ...<...#
#..........
........# #.........
.........#
##........
.........###.$......
.........##........
#........#?.......
###....##......)o# .
###### .#....)@# #
#......# ##$....#
#.....## #......#
#......#
##.....###### .....#
#..........## ....#
#......###..#


You could see an orc wizard.

Vanquished Creatures
  Crazy Yiuf (D:2)
  An orc priest (D:4)
  Terence (D:2)
  Jessica (D:3)
  Ijyb (D:3)
  2 orc wizards (D:4)
  2 hound skeletons (D:4)
  Robin (D:2)
  4 adders
  3 worms
  4 orcs
  6 bats
  5 endoplasms
  3 giant cockroaches
  12 goblins
  9 hobgoblins
  A quokka (D:1)
  4 kobolds
  3 rats
64 creatures vanquished.

Notes
Turn   | Place    | Note
-------+----------+-------------------------------------------
     0 | D:1      | Rickety the Spriggan Enchanter began the quest for the Orb.
     0 | D:1      | Reached XP level 1. HP: 9/9 MP: 5/5
   450 | D:1      | Found a faded altar of an unknown god.
   847 | D:1      | Reached skill level 5 in Stealth
  1107 | D:2      | Reached XP level 2. HP: 13/13 MP: 5/7
  1110 | D:2      | Learned a level 2 spell: Ensorcelled Hibernation
  1377 | D:2      | Noticed Robin
  2090 | D:2      | Found a runed translucent door.
  2091 | D:2      | Noticed Crazy Yiuf
  2217 | D:2      | Reached XP level 3. HP: 16/16 MP: 8/8
  2221 | D:2      | Learned a level 3 spell: Confusing Touch
  2348 | D:2      | Noticed Terence
  2363 | D:2      | Killed Terence
  2364 | D:2      | Reached skill level 6 in Stealth
  2576 | D:2      | Reached XP level 4. HP: 21/21 MP: 4/9
  2630 | D:2      | Learned a level 3 spell: Tukima's Dance
  3121 | D:2      | Killed Crazy Yiuf
  3410 | D:2      | Killed Robin
  3411 | D:2      | Reached skill level 1 in Ice Magic
  3622 | D:3      | Reached skill level 7 in Stealth
  3622 | D:3      | Reached XP level 5. HP: 23/24 MP: 6/11
  4087 | D:3      | Found a blossoming altar of Fedhas.
  4091 | D:3      | Found a stormy altar of Qazlal.
  4108 | D:3      | Noticed Jessica
  4110 | D:3      | Killed Jessica
  4202 | D:3      | Noticed Ijyb
  4229 | D:3      | Killed Ijyb
  4344 | D:3      | Found a shimmering blue altar of Sif Muna.
  4348 | D:3      | Found a white marble altar of Elyvilon.
  4348 | D:3      | Found a broken altar of Ashenzari.
  4348 | D:3      | Found a hide-covered altar of Uskayaw.
  5052 | D:4      | Found a staircase to the Ecumenical Temple.
  5063 | Temple   | Entered the Ecumenical Temple
  5144 | D:4      | Reached XP level 6. HP: 29/29 MP: 12/12
  5151 | D:4      | Reached skill level 8 in Stealth
  5156 | D:4      | Slain by an orc wizard

Illustrated notes

Levels and vault maps discovered:
D:1:      shiori_arrival_elements, layout_basic,
          hellmonk_ecumenical_altar_zigzags
D:2:      layout_basic, uniq_robin, uniq_terence, uniq_crazy_yiuf_cottage
D:3:      layout_basic, grunt_temple_overflow_forces_of_nature,
          grunt_temple_overflow_open, uniq_jessica, uniq_ijyb
D:4:      layout_cave_pods, mainiacjoe_overflow_chevrons, temple_green,
          uniq_pikel
Temple:   corrupted_temple

Skill      XL: |  1  2  3  4  5  6 |
---------------+-------------------+-----
Stealth        | 5 6 7 8 |  8.3
Spellcasting   | 3 |  3.8
Hexes          | 4 |  4.3
Ice Magic      | 1 |  1.3
Dodging        | 3 |  3.2
Short Blades   | 2 |  2.0
Fighting       | |  0.6
Unarmed Combat | |  0.2

Action                   |  1- 3 |  4- 6 || total
-------------------------+-------+-------++-------
Melee: Dagger            |    56 |   141 ||   197
       Unarmed           |       |    18 ||    18
 Cast: Corona            |     9 |     2 ||    11
       Ensorcelled Hiber |    18 |    20 ||    38
  Use: Potion            |       |     1 ||     1
 Stab: Sleeping          |    18 |    13 ||    31
       Distracted        |     1 |     1 ||     2
Armor: Robe              |     1 |    30 ||    31
       Skin              |       |     2 ||     2
Dodge: Dodged            |    46 |   143 ||   189
